 Dungeon Crawl Stone Soup version 0.30-a0-4-ga7cffc901d (webtiles) character file.

Game seed: 10293800886541091140

16 drpainis the Caller (level 2, 0/13 HPs)
             Began as a Spriggan Summoner on Aug 21, 2022.
             Slain by a bat (1 damage)
             ... on level 1 of the Dungeon.
             The game lasted 00:01:49 (853 turns).

drpainis the Caller (Spriggan Summoner)              Turns: 853, Time: 00:01:50

Health: 0/13       AC:  2    Str:  4    XL:     2   Next: 37%
Magic:  5/7        EV: 17    Int: 22    God:
Gold:   10         SH:  0    Dex: 15    Spells: 6/7 levels left

rFire   . . .      SeeInvis +    d - +0 short sword
rCold   . . .      Faith    .    (no shield)
rNeg    . . .      Spirit   .    a - +0 robe
rPois   .          Reflect  .    (helmet restricted)
rElec   .          Harm     .    (no cloak)
rCorr   .          Rampage  .    (gloves unavailable)
Will    .....                    (boots unavailable)
Stlth   ++........               (no amulet)
HPRegen 0.04/turn                e - +6 ring of intelligence
MPRegen 0.10/turn                (no ring)

@: very quick
A: very small, no large weapons, unfitting armour, see invisible, speed 3
a: no special abilities


You were on level 1 of the Dungeon.
You visited 1 branch of the dungeon, and saw 1 of its levels.

You collected 10 gold pieces.

Inventory:

Hand Weapons
 d - a +0 short sword (weapon)
Missiles
 c - 6 stones
Armour
 a - a +0 robe (worn)
Jewellery
 e - a +6 ring of intelligence (left hand)
Scrolls
 g - a scroll of immolation {unknown}
 h - a scroll of teleportation {unknown}
Potions
 b - a potion of magic
 f - a potion of cancellation {unknown}


   Skills:
 + Level 2.9 Dodging
 + Level 3.0 Stealth
 + Level 3.4 Spellcasting
 + Level 3.4 Summonings


You had 6 spell levels left.
You knew the following spells:

 Your Spells              Type           Power      Damage    Failure   Level
a - Summon Small Mammal   Summ           76%        N/A       3%          1

Your spell library contained the following spells:

 Spells                   Type           Power      Damage    Failure   Level
 Call Imp                 Summ           19%        N/A       4%          2
 Call Canine Familiar     Summ           19%        N/A       9%          3
 Summon Guardian Golem    Hex/Summ       11%        N/A       17%         3
 Summon Lightning Spire   Summ/Air       11%        N/A       50%         4


Dungeon Overview and Level Annotations

Branches:
Dungeon (1/15)

Altars:


Innate Abilities, Weirdness & Mutations

You are very small and have problems with some larger weapons.
You are too small for most types of armour.
You have supernaturally acute eyesight. (SInv)
You cover ground extremely quickly. (Speed+++)


Message History

Your rat bites the endoplasm.
The endoplasm freezes you.
You are frozen.
* * * LOW HITPOINT WARNING * * *
The bat hits you but does no damage. The bat closely misses you.
Your rat barely misses the endoplasm.
The bat attacks as you move away! The bat barely misses you.
A frilled lizard comes into view.
The frilled lizard hisses angrily.
The bat barely misses your bat.
Your bat hits the bat. The bat hits you.
* * * LOW HITPOINT WARNING * * *
The bat closely misses your bat.
Your rat bites the endoplasm.
Your bat hits the bat but does no damage.
The bat closely misses your bat. The endoplasm hits your rat.
The bat completely misses you.
Found a scroll labelled OXIUPT ZOGUI.
Your bat closely misses the bat.
The bat completely misses your bat.
Your rat bites the endoplasm.
The endoplasm dies!
The bat misses you. The bat attacks as you move away! The bat misses you.
Your bat closely misses the bat.
The bat barely misses your bat.
A giant cockroach comes into view.
The bat hits you but does no damage.
Casting: Summon Small Mammal (safe; 3% risk of failure)
Confirm with . or Enter, or press ? or * to list all spells.
Your rat disappears in a puff of smoke!
The bat closely misses you. The bat misses your bat.
Your bat closely misses the bat.
Unknown command.
The bat closely misses you. The bat hits your bat.
The bat attacks as you move away! The bat misses you.
A hobgoblin comes into view.
Your bat misses the bat. The bat hits you but does no damage.
The bat hits your bat but does no damage.
Your bat hits the bat but does no damage.
The bat misses you.
You barely miss the bat. The bat misses you. Something hits your bat.
A gnoll and a ball python come into view.
The bat hits you.
You die...

#.S.. ... ##....
..# . ....#.##.#.#
.g ....g.....# ..
......#.#..B#
.....#.........
...# #..?.......#.#
#.... ....# #.b@..#
...# ... #.r.###
...# ####.###...#
...# ........l..#
...# ####...b####
...#######...b###
................###
..............#...#
#...............#.#


You could see a gnoll (asleep), a giant cockroach (asleep), a hobgoblin
(asleep), 2 bats, a ball python (asleep), a frilled lizard, a friendly bat
(summoned) and a friendly rat (summoned).

Vanquished Creatures
  2 jackals (D:1)
2 creatures vanquished.

Vanquished Creatures (collateral kills)
  2 endoplasms (D:1)
  A giant cockroach (D:1)
  2 jackals (D:1)
  3 kobolds (D:1)
  2 bats (D:1)
  A frilled lizard (D:1)
11 creatures vanquished.

Grand Total: 13 creatures vanquished

Notes
Turn   | Place    | Note
-------+----------+-------------------------------------------
     0 | D:1      | drpainis the Spriggan Summoner began the quest for the Orb.
     0 | D:1      | Reached XP level 1. HP: 9/9 MP: 5/5
   605 | D:1      | Reached XP level 2. HP: 13/13 MP: 2/7
   853 | D:1      | Slain by a bat

Illustrated notes

Levels and vault maps discovered:
D:1:      dpeg_arrival_fog, layout_basic,
          shapermc_ecumenical_altar_starsandcircs, minmay_bisected

Skill      XL: |  1 |
---------------+----+-----
Spellcasting   | 3 |  3.4
Dodging        | |  2.9
Stealth        | |  3.0
Summonings     | |  3.4

Action                   || total
-------------------------++-------
Melee: Unarmed           ||     6
       Short sword       ||    15
 Cast: Summon Small Mamm ||    22
Armor: Robe              ||    27
Dodge: Dodged            ||   103

Table legend: (Time is in decaauts)
 A = Elapsed time spent in this place.
 B = Non-inter-level travel time spent in this place.
 C = Inter-level travel time spent in this place.
 D = Time resting spent in this place.
 E = Time spent auto-exploring this place.
 F = Levels seen in this place.
 G = Mean time per level.
                   A        B        C        D        E       F      G
               +--------+--------+--------+--------+--------+-----+--------+
         Total |    760 |    760 |      0 |    535 |     52 |   1 |  760.0 |
       Dungeon |    760 |    760 |      0 |    535 |     52 |   1 |  760.0 |
               +--------+--------+--------+--------+--------+-----+--------+

Top non-repeatable levels by time:
     D:1: 760 daAuts
